 Dungeon Crawl Stone Soup version 0.20.1-1-g8b1a95d (webtiles) character file.

78 vineage the Chopper (level 4, -2/37 HPs)
             Began as a Demonspawn Berserker on Aug 19, 2017.
             Was a Believer of Trog.
             Slain by a gnoll
             ... wielding a +0 club
              (3 damage)
             ... on level 3 of the Dungeon.
             The game lasted 00:02:47 (1508 turns).

vineage the Chopper (Demonspawn Berserker)          Turns: 1508, Time: 00:02:48

Health: -2/37      AC:  8    Str: 19    XL:     4   Next: 15%
Magic:  4/4        EV: 12    Int:  8    God:    Trog [**....]
Gold:   111        SH:  0    Dex: 12    Spells: 3/3 levels left

rFire    . . .     SeeInvis .   a - +0 hand axe
rCold    . . .     Gourm    .   (no shield)
rNeg     . . .     Faith    .   b - +0 animal skin
rPois    .         Spirit   .   (no helmet)
rElec    .         Reflect  .   (no cloak)
rCorr    .         Harm     .   (no gloves)
MR       .....                  (no boots)
Stlth    +.........             (no amulet)
Regen    0.2/turn               (no ring)
MPRegen  0.1/turn               (no ring)

@: sanguine armour, berserk cooldown, slowed, very slow
A: sanguine armour 1
a: Berserk, Trog's Hand, Burn Spellbooks, Renounce Religion


You were on level 3 of the Dungeon.
You worshipped Trog.
Trog was pleased with you.
You were not hungry.

You visited 1 branch of the dungeon, and saw 3 of its levels.

You collected 111 gold pieces.

Inventory:

Hand Weapons
 a - a +0 hand axe (weapon)
Armour
 b - a +0 animal skin (worn)
Scrolls
 d - a scroll of magic mapping {unknown}
 e - 2 scrolls of recharging {unknown}
 g - 2 scrolls of identify {unknown}
 h - a scroll of remove curse {unknown}
 i - 2 scrolls of noise {unknown}
Potions
 f - 2 potions of curing {unknown}
 j - a potion of cancellation {unknown}
 k - a potion of might {unknown}
 l - a potion of berserk rage {unknown}
Comestibles
 c - a bread ration
 m - 3 fruits


   Skills:
 + Level 3.8 Fighting
 + Level 3.9 Axes
 + Level 1.7 Armour
 + Level 2.0 Dodging
 + Level 0.2 Stealth


You had 3 spell levels left.
You didn't know any spells.

Dungeon Overview and Level Annotations

Branches:
Dungeon (3/15)

Altars:
Zin


Innate Abilities, Weirdness & Mutations

When seriously injured, your bleeding wounds create armour. (AC +6)


Message History

You hit the gnoll. The gnoll barely misses you. The gnoll hits you with a club!
* * * LOW HITPOINT WARNING * * *
You are too berserk!
You feel a strong urge to attack something.
You feel your anger subside.
You are no longer berserk.
You are exhausted.
You feel yourself slow down.
Your skin stops crawling.
You feel less resistant to hostile enchantments.
The gnoll hits you but does no damage. The gnoll hits you but does no damage.
The gnoll hits you but does no damage. The gnoll hits you with a club.
* * * LOW HITPOINT WARNING * * *
The gnoll hits you with a club.
* * * LOW HITPOINT WARNING * * *
The gnoll hits you with a club.
* * * LOW HITPOINT WARNING * * *
The gnoll hits you with a club.
You die...

#.##.###.## #....#
###≈ #(#..# +≈≈≈ ###
#.##.# +≈≈≈ #..
#.#..# ###≈
###.######.#..###.##
#(....g.............
#..ggg######...####.
#.#@#.# ##### #. #
#<#.# ## ###.# ..#
###


You could see 4 gnolls.

Vanquished Creatures
  An adder (D:2)
  An ooze (D:2)
  3 worms
  A dart slug (D:2)
  A leopard gecko (D:3)
  3 giant cockroaches
  5 goblins
  9 hobgoblins
  6 jackals (D:1)
  8 kobolds
  A ball python (D:1)
  3 bats
  A frilled lizard (D:2)
  5 rats
48 creatures vanquished.

Notes
Turn   | Place    | Note
-------+----------+-------------------------------------------
     0 | D:1      | vineage the Demonspawn Berserker began the quest for the Orb.
     0 | D:1      | Reached XP level 1. HP: 18/18 MP: 1/1
   300 | D:1      | Gained mutation: When seriously injured, your bleeding wounds create armour. (AC +6) [demonic ancestry]
   300 | D:1      | Reached XP level 2. HP: 22/24 MP: 2/2
   726 | D:1      | Reached XP level 3. HP: 24/29 MP: 3/3
   867 | D:1      | Reached ** piety under Trog
   922 | D:2      | Found a glowing silver altar of Zin.
  1294 | D:2      | Reached XP level 4. HP: 20/36 MP: 4/4
  1507 | D:3      | HP: 1/37 [gnoll/club (5)]
  1508 | D:3      | Slain by a gnoll

Skill      XL: |  1  2  3 |
---------------+----------+-----
Axes           | 3 |  3.9
Dodging        | 2 |  2.0
Fighting       | |  3.8
Armour         | |  1.7
Stealth        | |  0.2

Action                   |  1- 3 |  4- 6 || total
-------------------------+-------+-------++-------
Melee: Hand axe          |   154 |    24 ||   178
Invok: Berserk           |       |     1 ||     1
       Trog's Hand       |       |     1 ||     1
  Eat: Bread ration      |     1 |       ||     1
Armor: Animal skin       |    35 |     4 ||    39
Dodge: Dodged            |   109 |     9 ||   118
